 Dungeon Sprint DCSS version 0.17-a0-1691-g18a3847 (webtiles) character file.

268 cmyster the Unseen (level 6, -3/32 HPs)
             Began as a Spriggan Assassin on Aug 20, 2015.
             Slain by a slime creature (18 damage)
             ... in the Dungeon (Sprint I: "Red Sonja").
             The game lasted 00:02:25 (337 turns).

cmyster the Unseen (Spriggan Assassin)               Turns: 337, Time: 00:02:25

Health: -3/32      AC:  3    Str:  7    XL:     6   Next: 1%
Magic:  7/7        EV: 18    Int: 13    God:
Gold:   162        SH:  0    Dex: 19    Spells: 0 memorised, 5 levels left

rFire  . . .     SeeInvis +     b - +0 blowgun
rCold  . . .     Clarity  .     c - +0 robe
rNeg   . . .     SustAt   .     (shield restricted)
rPois  .         Gourm    .     (helmet restricted)
rElec  .         Spirit   .     d - +0 cloak
rCorr  .         Warding  .     (gloves unavailable)
rMut   .         NoTele   +     (boots unavailable)
MR     +....                    (no amulet)
Stlth  +++++++...               (no ring)
                                (no ring)

@: very quick, somewhat resistant to hostile enchantments, extremely stealthy
A: unfitting armour, see invisible, herbivore 3, speed 3, slow metabolism 2
a: no special abilities


You were in the Dungeon.
You were not hungry.

You visited 1 branch You collected 162 gold pieces.

Inventory:

Hand weapons
 a - a +2 dagger
 b - a +0 blowgun (weapon)
Missiles
 e - 3 poisoned needles (quivered)
Armour
 c - a +0 robe (worn)
 d - a +0 cloak (worn)
Scrolls
 m - a scroll of blinking
Potions
 f - 2 potions of mutation {unknown}
 h - a potion of curing
 i - a potion of heal wounds
 j - a potion of haste
 k - 3 potions of magic
 l - a potion of berserk rage
Comestibles
 g - a bread ration


   Skills:
 + Level 3.3 Fighting
 + Level 4.6 Short Blades
 + Level 5.9 Throwing
 + Level 2.6 Dodging
 + Level 15.4 Stealth


You had 5 spell levels left.
You didn't know any spells.

Dungeon Overview and Level Annotations

Branches:
Dungeon (1/1)

Altars:
Cheibriados
Dithmenos
Fedhas
Sif Muna
Jiyva


Innate Abilities, Weirdness & Mutations

You are tiny and cannot use many weapons and most armour.
You have supernaturally acute eyesight.
You are a herbivore.
You cover ground extremely quickly.
You need consume almost no food.


Message History

You see here a giant club.
Firing (i - inventory):
e - 4 poisoned needles (quivered)
Press: ? - help, Shift-Dir - straight line, f/p - slime creature
Aim: a slime creature (lightly wounded, poisoned)
You shoot a poisoned needle.
The poisoned needle hits the slime creature!
The slime creature is lightly wounded.
Unknown command.
Really attack while wielding your +0 blowgun? [Y]es or [N]o only, please.
Really attack while wielding your +0 blowgun? [Y]es or [N]o only, please.
Really attack while wielding your +0 blowgun? [Y]es or [N]o only, please.
Really attack while wielding your +0 blowgun?
Okay, then.
You see here a giant club.
The slime creature hits you!!
Ouch! That really hurt!
You die...

###################
#<.#..'.)#..'(.#__#
#..÷..#..(.(#..'..+
#.(#####'#####'#__#
#.@# #..# #[####
#J)# #### #?# #..#
..+ #⌠⌠# ._# ####
J#+# +


You could see a slime creature.

Vanquished Creatures
  Sigmund (D)
  An ogre (D)
  Ijyb (D)
3 creatures vanquished.

Notes
Turn   | Place    | Note
--------------------------------------------------------------
     0 | D        | cmyster the Spriggan Assassin began the quest for the Orb.
     0 | D        | Reached XP level 1. HP: 10/10 MP: 2/2
     2 | D        | Noticed Ijyb
    25 | D        | Killed Ijyb
    25 | D        | Reached skill level 9 in Stealth
    25 | D        | Reached XP level 2. HP: 6/15 MP: 3/3
   206 | D        | Noticed an ogre
   225 | D        | Killed an ogre
   225 | D        | Reached skill level 12 in Stealth
   225 | D        | Reached XP level 3. HP: 16/19 MP: 4/4
   225 | D        | Reached XP level 4. HP: 19/23 MP: 5/5
   256 | D        | Noticed Sigmund
   263 | D        | Killed Sigmund
   263 | D        | Reached skill level 5 in Throwing
   263 | D        | Reached skill level 15 in Stealth
   263 | D        | Reached XP level 5. HP: 24/28 MP: 6/6
   263 | D        | Reached XP level 6. HP: 27/32 MP: 7/7
   301 | D        | Found a deep blue altar of Sif Muna.
   302 | D        | Noticed a jelly
   304 | D        | Found a snail-covered altar of Cheibriados.
   304 | D        | Found a viscous altar of Jiyva.
   304 | D        | Found a shadowy altar of Dithmenos.
   304 | D        | Found a blossoming altar of Fedhas.
   304 | D        | Noticed a slime creature
   337 | D        | Slain by a slime creature

Vault maps used:
D:        dungeon_sprint_1

Action                   |  1- 3 |  4- 6 || total
-------------------------+-------+-------++-------
Melee: Dagger            |     2 |     1 ||     3
 Fire: Blowgun           |     8 |     7 ||    15
 Stab: Sleeping          |       |     1 ||     1
